Cogmind - Beta 13 @@@ ROGUE MODE // 2024.06.14 @ 20:56:11 Player: nfd Result: Destroyed by B-48 Gladiator with Mace Performance ------------- Evolutions (3) 1500 Regions Visited (7) 1400 Robots Destroyed (139) 695 Value Destroyed (5013) 5013 Prototype IDs (14) 280 Alien Tech Used (0) 0 Bonus (1287) 1287 TOTAL SCORE: 10175 Bonus ------- High Alert Combat Kills 596 Follower Combat Kills 431 Aligned with FarCom 300 Friendly Fire -40 Cogmind --------- Core Integrity 0/700 Matter 193/300 Energy 99/100 System Corruption 10% Temperature Cool (0) Movement Walking (190) Ox1 Location -7/Factory Parts ------- > --- POWER (1) -------- (None) > --- PROPULSION (5) --- Carbon-fiber Leg Improved Carbon-fiber Leg Improved Titanium Leg Enhanced Flexi-carbon Leg > --- UTILITY (5) ------ Medium Storage Unit Improved Medium Armor Plating Improved Medium Armor Plating > --- WEAPON (2) ------- Advanced KE Penetrator Advanced KE Penetrator > --- INVENTORY (10) --- Advanced Heat Sink High-capacity Battery (250) Improved Matter Compressor (211) Core Analyzer Microactuators ECM Suite Advanced Variable Charge Gun Mini Grenade Launcher Peak State ------------ > --- POWER ------------ Improved Deuterium Engine > --- PROPULSION ------- Carbon-fiber Leg Improved Carbon-fiber Leg Flexi-carbon Leg Enhanced Flexi-carbon Leg Enhanced Flexi-carbon Leg > --- UTILITY ---------- Medium Storage Unit Targeting Computer Improved Medium Armor Plating Remote Force Field Hacking Suite > --- WEAPON ----------- Advanced Variable Charge Gun Advanced KE Penetrator > --- INVENTORY -------- Improved Deuterium Engine Carbon-fiber Leg Improved Cooling System High-capacity Battery Improved Matter Compressor Advanced KE Penetrator Advanced KE Penetrator Advanced KE Penetrator Mini Grenade Launcher Shock Maul [Rating: 66] Favorites ----------- Power Light Ion Engine Engine Light Ion Engine Power Core Light Nuclear Core Propulsion Aluminum Leg Treads Light Treads Leg Aluminum Leg Wheel Armored Wheel Hover Unit Gravmag System Flight Unit Xenon Bombardment Thruster Utility Medium Storage Unit Device ECM Suite Storage Medium Storage Unit Processor Targeting Computer Hackware Hacking Suite Protection Improved Medium Armor Plating Weapon Improved EM Shotgun Energy Gun Improved EM Shotgun Ballistic Gun Advanced KE Penetrator Ballistic Cannon Flak Cannon Launcher Mini Grenade Launcher Impact Weapon Shock Maul Slashing Weapon Katana Build | -11 -10 -9 -9 -9 -8 -8 -7 ------- Run | Yrd Mat Mat Min Exi Min Mat Fac Slots Evolved 6 | . . 2 . . . 2 2 Power . | . . . . . . . . Propulsion 3 | . . 2 . . . . 1 Utility 3 | . . . . . . 2 1 Weapon . | . . . . . . . . Parts Attached 163 | 5 9 12 13 1 . 33 90 Power 19 | 1 2 2 2 . . 3 9 Engine 16 | 1 2 2 2 . . 2 7 Core 3 | . . . . . . 1 2 Reactor . | . . . . . . . . Propulsion 67 | 2 3 8 8 . . 12 34 Treads 4 | 2 . . 1 . . . 1 Leg 57 | . 3 8 7 . . 10 29 Wheel 3 | . . . . . . 2 1 Hover 1 | . . . . . . . 1 Flight 2 | . . . . . . . 2 Utility 36 | 1 2 . . 1 . 7 25 Device 16 | . 1 . . . . 5 10 Storage 8 | 1 1 . . 1 . . 5 Processor 2 | . . . . . . . 2 Hackware 1 | . . . . . . 1 . Protection 9 | . . . . . . 1 8 Artifact . | . . . . . . . . Weapon 41 | 1 2 2 3 . . 11 22 Energy Gun 14 | . 1 1 1 . . 3 8 Energy Cannon . | . . . . . . . . Ballistic Gun 9 | 1 1 . . . . . 7 Ballistic Cannon 2 | . . . . . . 2 . Launcher 7 | . . . 1 . . 4 2 Special Weapon . | . . . . . . . . Impact Weapon 1 | . . . . . . . 1 Slashing Weapon 8 | . . 1 1 . . 2 4 Piercing Weapon . | . . . . . . . . Special Melee Weapon . | . . . . . . . . Unidentified Prototypes 8 | . . 1 . . . . 7 Parts Lost 53 | . 3 2 5 . . 11 32 Power 9 | . . 1 1 . . 1 6 Propulsion 27 | . 2 . 3 . . 7 15 Utility 10 | . . . . . . 1 9 Weapon 7 | . 1 1 1 . . 2 2 Highest Loss Streak 9 | . 3 1 3 . . 4 9 To Critical Strikes . | . . . . . . . . Average Slot Usage (%) 95 | . 94 98 98 100 100 95 92 Engine 8 | . 14 11 10 11 11 8 5 Treads 1 | . 15 . . . . . . Leg 35 | . 12 44 43 44 44 32 33 Device 9 | . 12 11 11 11 11 15 6 Storage 10 | . 14 11 11 11 11 9 9 Processor 2 | . . . . . . . 6 Hackware 3 | . . . . . . 8 5 Protection 2 | . . . . . . 2 4 Energy Gun 7 | . 5 10 20 11 11 2 4 Ballistic Gun 4 | . 19 5 . . . . 6 Slashing Weapon 4 | . . 5 1 11 11 6 2 Naked Turns . | . . . . . . . . Heaviest Build 48 | 12 16 19 20 20 20 31 48 Greatest Support 109 | 40 40 46 46 46 46 53 109 Greatest Overweight (x) 13 | . 1 . . . . 9 13 Average Overweight (x) . | . . . . . . . . Largest Inventory Capacity 10 | 8 8 8 8 10 10 10 10 Average Capacity 9 | 6 8 8 8 9 10 10 10 Most Carried 10 | 8 8 8 8 10 10 10 10 Average Carried 8 | 5 7 7 7 8 10 9 8 Final Capacity 10 | 8 8 8 8 10 10 10 10 Final Carried 10 | 8 8 8 8 10 10 10 8 Class Distribution -------------------- 76% | Scavenger-Mutant 19% | Mutant Dominant Class ---------------- Mutant | -10/Materials Scavenger-Mutant | -9/Materials Scavenger-Mutant | -9/Mines Scavenger-Mutant | -9/Exiles Scavenger-Mutant | -8/Mines Mutant | -8/Materials Scavenger-Mutant | -7/Factory Resources | -11 -10 -9 -9 -9 -8 -8 -7 ----------- Run | Yrd Mat Mat Min Exi Min Mat Fac Matter Collected 3520 | 277 406 125 115 10 10 471 2106 Remotely . | . . . . . . . . Salvage Created 5196 | 82 506 504 323 . . 1077 2704 Parts 300 | 1 25 29 20 . . 74 151 Haulers Intercepted 1 | . . . . . . . 1 Recyclers Shooed 3 | . . . . . . . 3 Parts Field Recycled . | . . . . . . . . Retrieved Matter . | . . . . . . . . Parts Self-Destructed . | . . . . . . . . Prevented . | . . . . . . . . Kills | -11 -10 -9 -9 -9 -8 -8 -7 ------- Run | Yrd Mat Mat Min Exi Min Mat Fac Combat Hostiles Destroyed 105 | . 13 10 8 . . 27 47 Melee 21 | . . 1 1 . . 9 10 Guns 60 | . 13 8 6 . . 1 32 Cannons 8 | . . . . . . 8 . AOE 16 | . . 1 1 . . 9 5 Classes Destroyed 15 | 1 1 4 1 . . 3 5 Worker 10 | . . . . . . 3 7 Builder 13 | . . 1 . . . 5 7 Hauler 1 | . . . . . . . 1 Recycler 7 | 1 . . . . . 1 5 Mechanic 1 | . . . . . . . 1 Watcher 2 | . . 1 . . . . 1 Swarmer 11 | . . . 3 . . 4 4 Grunt 60 | . 13 8 1 . . 17 21 Brawler 2 | . . . . . . 1 1 Duelist 7 | . . 1 2 . . . 4 Protector 1 | . . . . . . . 1 Sentry 8 | . . 1 2 . . 3 2 Specialist 4 | . . . . . . 2 2 Hunter 5 | . . . . . . . 5 Programmer 7 | . . . . . . . 7 Best Kill Streak 19 | 1 8 4 3 . . 10 19 Combat Bots Only 8 | . 8 4 3 . . 6 5 Max Kills in Single Turn 14 | 1 1 2 1 . . 4 14 Gunslinging 1 | . . 1 . . . . . Exploded 3 | . . 1 1 . . 3 1 Melee 1 | . . 1 1 . . 1 1 Uniques/NPCs Destroyed . | . . . . . . . . Combat | -11 -10 -9 -9 -9 -8 -8 -7 -------- Run | Yrd Mat Mat Min Exi Min Mat Fac Hostile Shots Fired 824 | . 89 61 29 . . 139 506 Missed 252 | . 17 17 13 . . 43 162 Damage Taken 9069 | . 869 662 327 . . 1683 5528 Core 1234 | . 157 121 . . . 243 713 Absorbed by Shields 240 | . . . . . . . 240 Regen/Repaired (Parts) 193 | . . . . . . . 193 Core Remaining (%) 65 | 100 37 . . . 69 55 . Volleys Fired 317 | 9 61 35 14 . . 64 134 Largest 2 | 1 2 2 2 . . 2 2 Hottest 275 | 20 85 85 90 . . 113 275 Shots Fired 476 | 9 96 45 23 . . 82 221 Gun 404 | 9 96 45 23 . . 21 210 Cannon 42 | . . . . . . 42 . Launcher 30 | . . . . . . 19 11 Special . | . . . . . . . . Kinetic 303 | 9 86 15 . . . 42 151 Thermal 90 | . 10 3 . . . 18 59 Explosive 30 | . . . . . . 19 11 Electromagnetic 53 | . . 27 23 . . 3 . Robot Hit Streak 20 | 6 13 10 7 . . 6 20 Robot Miss Streak 12 | 2 4 5 5 . . 10 12 Penetration Max 1 | . . . . . . . 1 Secondary Targets 8 | . 2 2 1 . . . 3 Max Gunslinging Chain 1 | . 1 1 1 . . . 1 Shots Hit Robots 378 | 7 72 36 21 . . 63 179 Core Hits 271 | 2 34 26 14 . . 63 132 Critical Kills 5 | . . . . . . . 5 Critical Parts Destroyed 10 | . . . . . . . 10 Critical Strikes 25 | . 1 1 1 . . 1 21 Burn 2 | . 1 . . . . . 1 Destroy 16 | . . . . . . . 16 Sever 7 | . . 1 1 . . 1 4 Melee Attacks 61 | . . 4 4 . . 18 35 Impact . | . . . . . . . . Slashing 61 | . . 4 4 . . 18 35 Piercing . | . . . . . . . . Sneak Attacks 1 | . . 1 . . . . . Combat Hostiles . | . . . . . . . . Follow-up Attacks . | . . . . . . . . Damage Inflicted 12048 | 84 736 708 389 . . 2827 7304 Guns 6244 | 84 732 484 251 . . 259 4434 Cannons 609 | . . . . . . 609 . Explosions 3416 | . . 63 25 . . 1468 1860 Melee 1762 | . . 161 113 . . 491 997 Ramming 17 | . 4 . . . . . 13 Kinetic 4820 | 84 592 86 . . . 609 3449 Thermal 2695 | . 140 63 25 . . 316 2151 Explosive 2071 | . . . . . . 1377 694 Electromagnetic 683 | . . 398 251 . . 34 . Impact . | . . . . . . . . Slashing 1762 | . . 161 113 . . 491 997 Piercing . | . . . . . . . . Highest Corruption 10 | . . . . . . . 10 Average Corruption 3 | . . . . . . . 3 Corruption Purged . | . . . . . . . . Corruption Blocked . | . . . . . . . . Effects 71 | . . . . . . . 71 Message Errors 11 | . . . . . . . 11 Matter Fused 14 | . . . . . . . 14 Heat Flow Errors 13 | . . . . . . . 13 Energy Discharges 16 | . . . . . . . 16 Parts Rejected 1 | . . . . . . . 1 Parts Fused 1 | . . . . . . . 1 Data Loss (minor) 7 | . . . . . . . 7 Data Loss (major) 2 | . . . . . . . 2 Misfires 3 | . . . . . . . 3 Weapon Failures 3 | . . . . . . . 3 Overload Shots 2 | . . . . . . . 2 Effects 1 | . . . . . . . 1 Short Circuit 1 | . . . . . . . 1 Overflow Damage 499 | . . . 11 . . 13 475 Projectiles . | . . . . . . . . Explosions 464 | . . . 11 . . . 453 Melee 35 | . . . . . . 13 22 Knockbacks 19 | . . . . . . 19 . Impact . | . . . . . . . . Kinetic 18 | . . . . . . 18 . Secondary 1 | . . . . . . 1 . Self-Inflicted Damage 312 | . . 31 81 . . 139 61 Shots 10 | . . 1 3 . . 4 2 Rammed . | . . . . . . . . Targets Rammed 7 | . 1 . . . . . 6 Kicked 7 | . 1 . . . . . 6 Crushed . | . . . . . . . . Highest Temperature 631 | . 218 59 111 . . 72 631 Average Temperature 64 | . 60 20 41 . . 23 88 Received Heat Transfer 3055 | . 510 279 51 . . 792 1423 Effects 14 | . . . . . . . 14 Shutdowns 1 | . . . . . . . 1 Energy Bleed 3 | . . . . . . . 3 Matter Decay 1 | . . . . . . . 1 Damage (minor) 1 | . . . . . . . 1 Damage (major) 8 | . . . . . . . 8 Siege Activations . | . . . . . . . . Robots Corrupted . | . . . . . . . . Combat Hostiles . | . . . . . . . . Parts Fried 1 | . . . 1 . . . . Impact Corruptions . | . . . . . . . . Robots Melted . | . . . . . . . . Combat Hostiles . | . . . . . . . . Parts Melted 7 | . 1 . . . . . 6 Heat Transferred 3594 | . 407 100 50 . . 544 2493 Parts Sabotaged . | . . . . . . . . Parts Stolen . | . . . . . . . . Parts Stripped . | . . . . . . . . Power Chain Reactions 4 | . . 2 1 . . 1 . Alert | -11 -10 -9 -9 -9 -8 -8 -7 ------- Run | Yrd Mat Mat Min Exi Min Mat Fac Peak Influence 1293 | 5 298 296 236 . . 464 1293 Initial 150 | . 3 62 102 . . . 150 Average 318 | 2 146 156 122 . . 190 535 Maximum Alert Level 4 | . 1 1 1 . . 2 4 Low Security (%) 45 | 100 61 64 67 . 100 60 16 Level 1 27 | . 38 35 32 . . 33 28 Level 2 16 | . . . . . . 5 31 Level 3 2 | . . . . . . . 5 Level 4 8 | . . . . . . . 17 Level 5 . | . . . . . . . . High Security . | . . . . . . . . Max Security . | . . . . . . . . Squads Dispatched 36 | . 3 2 . . . 9 22 Investigation 5 | . 2 1 . . . 1 1 Extermination 8 | . . . . . . . 8 Reinforcement 13 | . 1 1 . . . 5 6 Assault 3 | . . . . . . . 3 Garrison 7 | . . . . . . 3 4 Intercept . | . . . . . . . . Searches Triggered . | . . . . . . . . Construction Impeded 3 | . . . . . . 2 1 Haulers Reinforced 1 | . . . . . . . 1 Active Scanning Responses . | . . . . . . . . Cargo Convoy Interrupts 1 | . . . . . . . 1 Stealth | -11 -10 -9 -9 -9 -8 -8 -7 --------- Run | Yrd Mat Mat Min Exi Min Mat Fac Distress Signals 10 | . . 1 . . . 4 5 Communications Jammed . | . . . . . . . . Distress Signals . | . . . . . . . . Times Spotted 188 | . 25 17 10 . . 48 88 Peak Tracking Total 9 | . 7 6 3 . . 5 9 Tactical Retreats 14 | . 3 2 . . . 5 4 Traps | -11 -10 -9 -9 -9 -8 -8 -7 ------- Run | Yrd Mat Mat Min Exi Min Mat Fac Traps Triggered 6 | . 2 . . . . 1 3 Indirectly . | . . . . . . . . Trap Hack Attempts . | . . . . . . . . Triggered . | . . . . . . . . Disarmed . | . . . . . . . . Reprogrammed . | . . . . . . . . Reused . | . . . . . . . . Traps Extracted . | . . . . . . . . Installed . | . . . . . . . . Triggered . | . . . . . . . . Machines | -11 -10 -9 -9 -9 -8 -8 -7 ---------- Run | Yrd Mat Mat Min Exi Min Mat Fac Machines Disabled 28 | . . 3 5 . . 1 19 Max in Single Turn 8 | . . 1 3 . . 1 8 Machines Repaired . | . . . . . . . . Machines Dismantled . | . . . . . . . . Machines Sabotaged . | . . . . . . . . Overloaded Fab Kills . | . . . . . . . . Hacking | -11 -10 -9 -9 -9 -8 -8 -7 --------- Run | Yrd Mat Mat Min Exi Min Mat Fac Machines Accessed 25 | . 2 4 1 4 . 5 9 Terminals 13 | . 1 4 1 . . 3 4 Fabricators . | . . . . . . . . Repair Stations 2 | . . . . . . . 2 Recycling Units 5 | . 1 . . . . 2 2 Scanalyzers . | . . . . . . . . Garrison Access 1 | . . . . . . . 1 Total Hacks 109 | . 4 14 7 49 . 13 22 Successful 80 | . 3 8 3 49 . 7 10 Failed 29 | . 1 6 4 . . 6 12 Catastrophic 4 | . . 1 . . . 1 2 Database Lockouts . | . . . . . . . . Manual 23 | . 2 5 5 1 . 5 5 Terminals 42 | . 2 14 7 . . 8 11 Fabricators . | . . . . . . . . Repair Stations 7 | . . . . . . . 7 Recycling Units 10 | . 2 . . . . 5 3 Scanalyzers . | . . . . . . . . Garrison Access 1 | . . . . . . . 1 Terminal Hacks 67 | . 1 7 3 49 . 4 3 Record 54 | . . 1 1 49 . 1 2 Robot Analysis 1 | . . . . . . 1 . Prototype ID Bank 3 | . 1 2 . . . . . Level Access Points 1 | . . 1 . . . . . Emergency Access Points 1 | . . 1 . . . . . Alert Level 4 | . . 2 1 . . . 1 Locate Traps 1 | . . . . . . 1 . Dispatch Records 1 | . . . . . . 1 . Hauler Manifests 1 | . . . 1 . . . . Fabricator Hacks . | . . . . . . . . Repair Station Hacks 6 | . . . . . . . 6 Scan Component 3 | . . . . . . . 3 Repair 3 | . . . . . . . 3 Recycling Unit Hacks 3 | . 1 . . . . 2 . Report Inventory 2 | . 1 . . . . 1 . Retrieve Components 1 | . . . . . . 1 . Scanalyzer . | . . . . . . . . Garrison Access Hacks . | . . . . . . . . Unauthorized Hacks 4 | . 1 1 . . . 1 1 Terminals 1 | . . 1 . . . . . Assimilate 1 | . . 1 . . . . . Fabricators . | . . . . . . . . Repair Stations . | . . . . . . . . Recycling Units 3 | . 1 . . . . 1 1 Monitor 3 | . 1 . . . . 1 1 Scanalyzers . | . . . . . . . . Garrison Access . | . . . . . . . . Data Cores Recovered . | . . . . . . . . Used . | . . . . . . . . Hacking Detections 19 | . 2 4 1 . . 4 8 Full Trace Events 1 | . . . . . . . 1 Feedback Events . | . . . . . . . . Feedback Blocked . | . . . . . . . . Robot Schematics Acquired . | . . . . . . . . Robots Built . | . . . . . . . . Authchips . | . . . . . . . . Time . | . . . . . . . . Total Robot Build Rating . | . . . . . . . . Part Schematics Acquired . | . . . . . . . . Parts Built . | . . . . . . . . Authchips . | . . . . . . . . Time . | . . . . . . . . Total Part Build Rating . | . . . . . . . . Parts Repaired 3 | . . . . . . . 3 Time 96 | . . . . . . . 96 Parts Recycled . | . . . . . . . . Recycled Matter . | . . . . . . . . Retrieved Matter . | . . . . . . . . Retrieved Components 9 | . . . . . . 9 . Parts Scanalyzed . | . . . . . . . . Part Schematics Acquired . | . . . . . . . . Parts Damaged . | . . . . . . . . Bothacking | -11 -10 -9 -9 -9 -8 -8 -7 ------------ Run | Yrd Mat Mat Min Exi Min Mat Fac Used RIF Installer . | . . . . . . . . Robots Hacked . | . . . . . . . . Non-combat . | . . . . . . . . Combat . | . . . . . . . . Robot Hacks Applied . | . . . . . . . . Relay Couplers Released . | . . . . . . . . Fabnet Peak Effective % . | . . . . . . . . Robots Rewired . | . . . . . . . . Allies Hacked . | . . . . . . . . Hacks Repelled . | . . . . . . . . Allies | -11 -10 -9 -9 -9 -8 -8 -7 -------- Run | Yrd Mat Mat Min Exi Min Mat Fac Total Allies . | . . . . . . . . Largest Group . | . . . . . . . . Highest-Rated Group . | . . . . . . . . Highest-Rated Ally . | . . . . . . . . Total Orders . | . . . . . . . . Ally Attacks 44 | . . . . . . . 44 Total Damage 1995 | . . . . . . . 1995 Kills 12 | . . . . . . . 12 Allies Corrupted 1 | . . . . . . . 1 Allies Melted . | . . . . . . . . Turrets Deployed 3 | . . . . . . . 3 Intel | -11 -10 -9 -9 -9 -8 -8 -7 ------- Run | Yrd Mat Mat Min Exi Min Mat Fac Robot Analysis Total 1 | . . . . . . 1 . Derelict Logs Recovered 2 | . . . 2 . . . . Drone Launches . | . . . . . . . . Drone Recoveries . | . . . . . . . . Exploration | -11 -10 -9 -9 -9 -8 -8 -7 ------------- Run | Yrd Mat Mat Min Exi Min Mat Fac Turns Passed 8693 | 149 440 594 900 829 812 1220 3749 Spaces Moved 5038 | 74 178 398 644 686 654 674 1730 Core 13 | 4 . . . . . 7 2 Treads 156 | 70 73 . . . . . 13 Legs 4848 | . 105 398 644 686 654 652 1709 Wheels 21 | . . . . . . 15 6 Hover . | . . . . . . . . Flight . | . . . . . . . . Fastest Speed 50 | 50 120 120 120 120 120 95 120 Average Speed 125 | 154 137 120 120 120 120 119 132 Slowest Speed 700 | 160 190 120 120 120 120 500 700 Overloaded Moves . | . . . . . . . . Propulsion Burnouts . | . . . . . . . . Robots Hopped . | . . . . . . . . Cave-ins Triggered . | . . . . . . . . Exploration Rate (%) 52 | 6 28 34 97 93 81 46 35 Regions Visited 7 Branch Regions 3 Pre-discovered Areas 1 | . . . . 1 . . . Known Exits Taken 1 | . . . . . 1 . . Unknown Exits Taken 6 | 1 1 1 1 1 . 1 . Scrap Searched 2 | . . . 1 . 1 . . Spaces Dug 7 | . . . . . . . 7 Terrain Destroyed 280 | . . 4 31 . . 145 100 Melee . | . . . . . . . . Projectile 47 | . . . . . . 6 41 AOE 233 | . . 4 31 . . 139 59 Terrain Rammed . | . . . . . . . . Walls Destroyed . | . . . . . . . . Machines Disabled . | . . . . . . . . Actions | -11 -10 -9 -9 -9 -8 -8 -7 --------- Run | Yrd Mat Mat Min Exi Min Mat Fac Total 6862 | 100 293 468 741 693 681 975 2911 Wait 1083 | 1 28 7 59 . 28 160 800 Move 5031 | 73 177 397 643 685 653 673 1730 Hop . | . . . . . . . . Pick Up 87 | 11 8 6 3 4 . 9 46 Fast Attach 56 | 3 3 . 3 . . 12 35 Attach 46 | 2 2 5 3 . . 5 29 Detach 15 | . . . 1 . . 1 13 Swap 61 | . 4 7 7 1 . 16 26 Drop 98 | 1 9 7 4 3 . 17 57 Fire 317 | 9 61 35 14 . . 64 134 Melee 61 | . . 4 4 . . 18 35 Ram . | . . . . . . . . Kick 7 | . 1 . . . . . 6 Crush . | . . . . . . . . Escape Stasis . | . . . . . . . . Rewire . | . . . . . . . . Trap . | . . . . . . . . Miscellaneous . | . . . . . . . . Route ------- -11/Scrapyard -10/Materials (discovered 2 exits: *Mat / [*Min]) -9/Materials (discovered 4 exits: Mat x3 / *Min) -9/Mines (discovered 4 exits: *Mat x2 / *Exi / [*Zio]) -9/Exiles -8/Mines -8/Materials (discovered 2 exits: *Fac x2) -7/Factory (discovered 1 exit: [*Sto]) History --------- Turn | Location | Event 19 | -11/Scrapyard | Discovered new exit (range 15) 150 | -11/Scrapyard | Entered Materials 317 | -10/Materials | Build established: Mutant 433 | -10/Materials | Destroyed 8 combat bots 438 | -10/Materials | Lost 3 parts (2n1w) 502 | -10/Materials | Discovered new exit (range 8) 522 | -10/Materials | Core integrity fell below 50% 546 | -10/Materials | Discovered new exit (range 15) 590 | -10/Materials | Entered another Materials area 590 | -9/Materials | Evolved 2 slots: Propulsion x2 715 | -9/Materials | Identified exit to Materials 726 | -9/Materials | Build established: Scavenger-Mutant 911 | -9/Materials | Discovered new exit (range 16) 1184 | -9/Materials | Entered Mines 1436 | -9/Mines | Discovered exit to Materials (range 13) 1533 | -9/Mines | YI-UF0 nonchalantly dropped a Grenade Launcher on the ground 1786 | -9/Mines | Learned Materials terminal intel 1798 | -9/Mines | A Derelict revealed a hidden shortcut to a safe place 1835 | -9/Mines | Discovered exit to Materials (range 10) 1950 | -9/Mines | Joined a pair of Derelicts in attacking an 0b10 outpost 1951 | -9/Mines | Learned 2 Materials zone layouts 1968 | -9/Mines | Lost 3 parts (2n1w) 2078 | -9/Mines | Deemed a non-threat by the Exiles lab entrance 2079 | -9/Mines | Discovered new exit (range 5) 2084 | -9/Mines | Entered Exiles 2118 | -9/Exiles | Met 8R-AWN 2138 | -9/Exiles | Met EX-HEX 2214 | -9/Exiles | Met EX-DEC 2247 | -9/Exiles | Visited The Gauntlet 2423 | -9/Exiles | Learned location of Zion (-7) 2495 | -9/Exiles | Discovered new exit (range 10) 2600 | -9/Exiles | Met EX-BIN 2638 | -9/Exiles | Aligned with FarCom system 2639 | -9/Exiles | Given EX-Vault access code 2702 | -9/Exiles | Opened EX-Vault 2709 | -9/Exiles | Found Deploy-a-Sentry 2711 | -9/Exiles | Found Deploy-a-Sentry 2716 | -9/Exiles | Found Deploy-a-Sentry 2745 | -9/Exiles | Warned to stay clear of 0b10 Research branches 2913 | -9/Exiles | Left Exiles lab with Deploy-a-Sentry 2913 | -9/Exiles | Entered Mines 3440 | -8/Mines | Discovered exit to Materials (range 11) 3725 | -8/Mines | Entered Materials 3725 | -8/Materials | Evolved 2 slots: Utility x2 3727 | -8/Materials | Loaded intel: 12 terminal locations 3882 | -8/Materials | Garrison activated, responded to threat 4380 | -8/Materials | Discovered new exit (range 7) 4398 | -8/Materials | Build established: Mutant 4762 | -8/Materials | Discovered new exit (range 11) 4906 | -8/Materials | Lost 4 parts (3n1u) 4945 | -8/Materials | Entered Factory 4945 | -7/Factory | Evolved 2 slots: Propulsion x1, Utility x1 5221 | -7/Factory | Build established: Scavenger-Mutant 5332 | -7/Factory | Repaired Aluminum Leg 5365 | -7/Factory | Repaired Imp. Ion Engine 5567 | -7/Factory | Repaired Imp. Light Armor Plating 5982 | -7/Factory | Discovered new exit (range 14) 6237 | -7/Factory | Garrison activated, responded to threat 6358 | -7/Factory | DAS Turret deployed 6389 | -7/Factory | Lost 9 parts (1p4n3u1w) 6436 | -7/Factory | Build established: Mutant 6569 | -7/Factory | Cargo convoy interrupted 6599 | -7/Factory | DAS Turret deployed 6602 | -7/Factory | DAS Turret deployed 6676 | -7/Factory | Lost 4 parts (2p2n) 6804 | -7/Factory | Build established: Scavenger-Mutant 6924 | -7/Factory | Garrison activated, responded to threat 6927 | -7/Factory | Core integrity fell below 50% 7745 | -7/Factory | First assault squad dispatched 8062 | -7/Factory | Lost 9 parts (2p3n4u) 8637 | -7/Factory | Core integrity fell below 20% 8666 | -7/Factory | System corruption reached 10% 8694 | -7/Factory | Destroyed by B-48 Gladiator with Mace Last Messages --------------- 08665_ Slug penetrates Assembly Bed. 08665_ Slug penetrates B-48 Gladiator. 08665_ Targeting Computer destroyed. 08665_ System corrupted by crushing effect (+5). 08665_ Knocked back. 08669_ M-28 Smith fits Backup Propulsion III on B-48 Gladiator. 08671_ FPJ#|EI QPPUC91S:&EBQ4&SOW